General information
- name: BNet
- type: Ladder 1vs1/FFA
- host: Battle.net
- saver: iLovePom
map: MeltingValley
- players: 2
- length: 75:34
- speed: Fast
- version: 1.26 W3XP
- replay type: Public
» download(208 KB)
Players
team 1 (winner)
iLovePom (
green | 68 APM | 5134 actions | 75:34)
10 Archmage
3 Blizzard
3 Brilliance Aura
1 Mass Teleport
3 Summon Water Elemental
5 Paladin
3 Divine Shield
2 Holy Light
» actions
| Assign group hotkey | 128 | |
| Basic commands | 154 | |
| Build / train | 215 | |
| ESC pressed | 19 | |
| Enter build submenu | 83 | |
| Enter hero's abilities submenu | 16 | |
| Give item / drop item | 18 | |
| Remove unit from queue | 2 | |
| Right click | 2119 | |
| Select / deselect | 1285 | |
| Select group hotkey | 620 | |
| Use ability | 475 | |
5134 total
» units
| Peasant | 33 | |
| Ogre Mauler | 1 | |
| Forest Troll Berserker | 1 | |
| Forest Troll Shadow Priest | 1 | |
| Mud Golem | 1 | |
| Mortar Team | 11 | |
| Sorceress | 2 | |
| Flying Machine | 25 | |
| Siege Engine | 7 | |
| Goblin Shredder | 1 | |
| Spell Breaker | 2 | |
85 total
» upgrades
| Masonry | 3 | |
| Gunpowder | 3 | |
| Sorceress Training | 2 | |
| Fragmentation Shards | 1 | |
| Flak Cannons | 1 | |
| Flying Machine Bombs | 1 | |
| Lumber Harvesting | 1 | |
| Magic Sentry | 1 | |
| Plating | 3 | |
| Barrage | 1 | |
| Armor | 2 | |
| Flare | 1 | |
| Swords | 1 | |
21 total
» buildings
| Altar of Kings | 1 | |
| Farm | 9 | |
| Arcane Vault | 3 | |
| Scout Tower | 67 | |
| Lumber Mill | 1 | |
| Arcane Tower | 10 | |
| Town Hall | 5 | |
| Guard Tower | 24 | |
| Keep | 2 | |
| Castle | 2 | |
| Blacksmith | 2 | |
| Arcane Sanctum | 4 | |
| Workshop | 4 | |
134 total
» build order
00:04 Altar of Kings
00:13 Farm
00:25 Arcane Vault
00:36 Farm
01:09 Scout Tower
01:24 Lumber Mill
02:03 Arcane Tower
02:30 Farm
02:50 Farm
03:31 Scout Tower
04:10 Arcane Tower
04:12 Scout Tower
04:27 Town Hall
04:38 Scout Tower
04:44 Scout Tower
04:44 Guard Tower
05:00 Scout Tower
05:00 Scout Tower
05:03 Scout Tower
05:04 Scout Tower
05:46 Guard Tower
05:56 Guard Tower
05:57 Scout Tower
05:58 Scout Tower
06:18 Guard Tower
06:25 Guard Tower
06:25 Guard Tower
06:25 Guard Tower
06:35 Guard Tower
07:22 Scout Tower
07:42 Scout Tower
07:44 Scout Tower
07:45 Scout Tower
08:01 Keep
08:03 Guard Tower
08:05 Scout Tower
08:17 Guard Tower
08:19 Scout Tower
08:22 Scout Tower
08:33 Arcane Vault
08:38 Guard Tower
11:01 Castle
11:02 Guard Tower
11:06 Arcane Tower
11:08 Scout Tower
11:09 Scout Tower
11:26 Blacksmith
11:28 Blacksmith
12:10 Guard Tower
12:11 Guard Tower
12:12 Farm
12:12 Farm
13:23 Arcane Sanctum
13:25 Workshop
13:27 Arcane Sanctum
13:30 Workshop
13:43 Workshop
13:48 Workshop
14:10 Town Hall
14:19 Scout Tower
14:19 Scout Tower
14:20 Scout Tower
14:20 Scout Tower
14:21 Scout Tower
14:21 Scout Tower
14:22 Scout Tower
14:22 Scout Tower
14:29 Scout Tower
14:30 Scout Tower
17:20 Scout Tower
17:21 Scout Tower
17:40 Scout Tower
17:41 Scout Tower
17:41 Scout Tower
17:43 Scout Tower
17:43 Scout Tower
17:58 Guard Tower
19:36 Farm
20:28 Guard Tower
32:29 Town Hall
32:33 Scout Tower
32:34 Scout Tower
32:35 Scout Tower
32:36 Scout Tower
32:37 Scout Tower
32:37 Scout Tower
33:15 Guard Tower
34:31 Guard Tower
34:33 Scout Tower
34:35 Scout Tower
34:39 Farm
34:42 Keep
34:50 Scout Tower
35:03 Guard Tower
36:26 Guard Tower
37:36 Castle
38:35 Scout Tower
38:36 Scout Tower
38:38 Scout Tower
40:58 Scout Tower
40:59 Scout Tower
41:02 Scout Tower
41:03 Scout Tower
43:58 Arcane Tower
46:06 Arcane Vault
51:50 Farm
53:18 Town Hall
53:22 Scout Tower
53:22 Scout Tower
53:23 Scout Tower
53:23 Scout Tower
53:24 Scout Tower
53:24 Scout Tower
53:25 Scout Tower
53:25 Scout Tower
53:54 Arcane Tower
53:55 Arcane Tower
54:05 Guard Tower
54:28 Guard Tower
54:29 Scout Tower
54:29 Scout Tower
55:18 Arcane Tower
55:19 Guard Tower
60:41 Arcane Tower
62:58 Arcane Tower
63:10 Arcane Sanctum
63:11 Arcane Sanctum
65:40 Scout Tower
65:47 Town Hall
65:50 Scout Tower
65:51 Scout Tower
66:00 Scout Tower
66:35 Arcane Tower
» items
| Scroll of Regeneration | 9 | |
| Lesser Clarity Potion | 2 | |
| Mechanical Critter | 3 | |
| Boots of Speed | 2 | |
| Staff of Sanctuary | 1 | |
| Scroll of Town Portal | 4 | |
| Potion of Healing | 9 | |
| Periapt of Vitality | 3 | |
| Potion of Invisibility | 2 | |
| Staff of Teleportation | 1 | |
| Potion of Lesser Invulnerability | 1 | |
| Scroll of Healing | 1 | |
| Circlet of Nobility | 1 | |
| Ivory Tower | 6 | |
45 total
team 2 (loser)

»
teddy69 (
teal | 26 APM | 1944 actions | 75:31)
7 Demon Hunter
3 Immolation
3 Evasion
1 Metamorphosis
» actions
| Basic commands | 8 | |
| Build / train | 197 | |
| Enter build submenu | 74 | |
| Enter hero's abilities submenu | 8 | |
| Give item / drop item | 10 | |
| Remove unit from queue | 7 | |
| Right click | 666 | |
| Select / deselect | 793 | |
| Use ability | 180 | |
1944 total
» units
| Wisp | 70 | |
| Huntress | 11 | |
| Archer | 24 | |
| Hippogryph | 13 | |
| Forest Troll Shadow Priest | 2 | |
| Chimaera | 4 | |
| Dryad | 22 | |
| Glaive Thrower | 4 | |
| Goblin Zeppelin | 1 | |
| Ogre Mauler | 1 | |
| Forest Troll Berserker | 1 | |
| Mud Golem | 1 | |
154 total
» upgrades
| Strength of the Moon | 3 | |
| Moon Armor | 3 | |
| Sentinel | 1 | |
| Hippogryph Taming | 1 | |
| Improved Bows | 1 | |
| Strength of the Wild | 2 | |
| Reinforced Hides | 2 | |
| Ultravision | 1 | |
| Well Spring | 1 | |
| Upgrade Moon Glaive | 1 | |
| Marksmanship | 1 | |
| Corrosive Breath | 1 | |
| Abolish Magic | 1 | |
| Vorpal Blades | 2 | |
21 total
» buildings
| Altar of Elders | 1 | |
| Moon Well | 26 | |
| Ancient of War | 3 | |
| Hunter's Hall | 3 | |
| Ancient Protector | 11 | |
| Tree of Ages | 2 | |
| Ancient of Wind | 1 | |
| Tree of Life | 11 | |
| Tree of Eternity | 4 | |
| Chimaera Roost | 1 | |
| Ancient of Lore | 1 | |
64 total
» build order
00:24 Altar of Elders
00:43 Moon Well
01:05 Ancient of War
01:44 Moon Well
02:12 Hunter's Hall
02:30 Moon Well
02:59 Moon Well
03:18 Ancient Protector
03:23 Ancient Protector
03:34 Ancient Protector
04:39 Tree of Ages
08:19 Ancient of Wind
09:19 Tree of Life
09:25 Ancient Protector
09:41 Ancient Protector
09:58 Moon Well
11:18 Moon Well
11:40 Ancient Protector
12:00 Moon Well
12:48 Moon Well
13:31 Tree of Eternity
13:32 Tree of Eternity
13:32 Tree of Eternity
16:19 Chimaera Roost
19:08 Tree of Life
19:13 Tree of Life
19:37 Moon Well
20:01 Tree of Life
20:58 Moon Well
21:03 Moon Well
24:01 Tree of Ages
27:45 Moon Well
28:24 Tree of Life
28:29 Hunter's Hall
29:04 Moon Well
29:13 Moon Well
29:15 Moon Well
29:20 Moon Well
30:07 Ancient Protector
30:26 Hunter's Hall
31:23 Ancient of War
31:37 Ancient Protector
32:06 Ancient Protector
32:45 Moon Well
32:58 Ancient Protector
33:09 Ancient Protector
33:14 Ancient of Lore
33:46 Moon Well
35:07 Moon Well
35:25 Moon Well
35:55 Moon Well
36:59 Moon Well
39:34 Moon Well
43:41 Tree of Life
48:00 Tree of Life
49:15 Tree of Life
49:27 Ancient of War
51:41 Tree of Life
52:11 Moon Well
53:14 Tree of Life
53:40 Moon Well
55:36 Moon Well
57:12 Tree of Life
» items
| Potion of Lesser Invulnerability | 1 | |
| Potion of Invisibility | 1 | |
2 total
Chat log
(62:51 / All) iLovePom: lol
(62:56 / All) iLovePom: did anyone tell you that you try too hard?
(63:18 / All) teddy69: u lose
(63:22 / All) iLovePom: LOL
(63:32 / All) iLovePom: ok kid
(63:50 / All) iLovePom: youre really so angry that youre gonna drag out this game?
(63:55 / All) iLovePom: works for me :D
(64:46 / All) iLovePom: LOL
(64:47 / All) iLovePom: wasted ult
(65:00 / All) iLovePom: god even with a cookie cutter build, you still suck
(65:17 / All) iLovePom: LOL
(66:27 / All) iLovePom: LOL
(66:38 / All) iLovePom: worthless dh
(66:43 / All) iLovePom: i was afk most of this game and you still lose :D
(66:58 / All) iLovePom: youre too slow so i have to kill my own units
(67:37 / All) iLovePom: i guess i should start scouting...
(67:48 / All) iLovePom: sell more items pls
(68:20 / All) iLovePom: lol turn invis
(68:23 / All) iLovePom: expensive way to hit
(68:32 / All) iLovePom: horrible
(68:38 / All) iLovePom: gg nerd
(68:44 / All) iLovePom: all that wasted money
(68:56 / All) iLovePom: go ahead and ragequit
(69:04 / All) iLovePom: i know you want to
(69:49 / All) iLovePom: |wasted another ult?
(70:05 / All) iLovePom: i could just hit everything with flying machines you know
(70:26 / All) iLovePom: you seriously wasted an ult to kill a flying machine
(71:07 / All) iLovePom: Yawn
(71:22 / All) iLovePom: here i am
(71:24 / All) iLovePom: come kill
(71:44 / All) iLovePom: LOL
(71:46 / All) iLovePom: immolation
(71:48 / All) iLovePom: holy shit you suck
(71:55 / All) iLovePom: leave noob
(72:48 / All) teddy69: u cant find cuz i have invisable base
(72:51 / All) iLovePom: no you dont
(72:52 / All) iLovePom: lol
(72:55 / All) iLovePom: you just think i cant find it
(73:01 / All) teddy69: new hack
(73:02 / All) iLovePom: LOL
(73:06 / All) iLovePom: pathetic attempt
(74:17 / All) iLovePom: oh look
(74:22 / All) iLovePom: a non-invisible tree of life
(74:30 / All) teddy69: thats not it
(74:36 / All) iLovePom: it looks fun to kill anyway
(74:49 / All) iLovePom: my pal needs lvl 5
(75:12 / All) iLovePom: problem noob?
(75:16 / All) iLovePom: leave
(75:17 / All) iLovePom: lol
(75:21 / All) iLovePom: RAPED
(75:27 / All) iLovePom: get mad and leave
(75:30 / All) iLovePom: so mad